 Dungeon Crawl Stone Soup version 0.21.1-1-g345015f (webtiles) character file.

212072 tidbits the Martial Artist (level 18, -2/182 HPs)
             Began as a Gnoll Transmuter on Mar 14, 2018.
             Was a High Priest of Cheibriados.
             Splashed by an acid blob's acid (8 damage)
             ... on level 4 of the Pits of Slime.
             The game lasted 02:13:31 (9003 turns).

tidbits the Martial Artist (Gnoll Transmuter)       Turns: 9003, Time: 02:13:32

Health: -2/182     AC: 26    Str: 25    XL:     18   Next: 39%
Magic:  5/43       EV: 28    Int: 36    God:    Cheibriados [*****.]
Gold:   760        SH: 21    Dex: 30    Spells: 6/42 levels left

rFire    . . .     SeeInvis .   a - +4 broad axe (flame)
rCold    . . .     Gourm    .   D - +0 shield
rNeg     + . .     Faith    .   (armour currently unavailable)
rPois    ∞         Spirit   .   E - +1 hat
rElec    +         Reflect  +   C - +2 cloak {MR+}
rCorr    .         Harm     .   (gloves currently unavailable)
MR       ++...                  (boots currently unavailable)
Stlth    ++++++....             X - +6 amulet of reflection
HPRegen  0.40/turn              V - +2 ring of evasion
MPRegen  0.28/turn              m - ring of magical power

@: statue-form, corroded, very slightly contaminated, very slow
A: distributed training, fangs 1, horns 1, deterioration 1, screaming 1, strong
nose
}: 2/15 runes: serpentine, barnacled
a: End Transformation, Bend Time, Temporal Distortion, Slouch, Step From Time,
Renounce Religion


You were on level 4 of the Pits of Slime.
You worshipped Cheibriados.
Cheibriados was extremely pleased with you.
You were hungry.
You were a stone statue.
You visited 8 branches of the dungeon, and saw 35 of its levels.

You collected 1925 gold pieces.
You spent 1165 gold pieces at shops.

Inventory:

Hand Weapons
 a - a +4 broad axe of flaming (weapon)
   (You took it off an orc warrior on level 2 of the Orcish Mines)
 i - a +1 demon trident of pain
   (You took it off a merfolk impaler on level 4 of the Shoals)
 w - the +1 morningstar of Vuirchagh {crush, +Rage MP+9 Str-2 Int+10}
   (You found it on level 2 of the Lair of Beasts)

   It inflicts extra damage upon your enemies.
   It affects your strength (-2).
   It affects your intelligence (+10).
   It affects your magic capacity (+9).
   It lets you go berserk.
 x - a +0 dagger of venom
   (You took it off an orc on level 8 of the Dungeon)
Missiles
 A - 19 javelins of penetration
 M - 327 arrows
 Q - 43 javelins (quivered)
 R - 4 throwing nets {!f}
 S - 3 poisoned javelins
Armour
 h - a +2 helmet of intelligence
   (You bought it in a shop on level 2 of the Orcish Mines)
 B - a +3 troll leather armour (melded)
 C - a +2 cloak of magic resistance (worn)
   (You bought it in a shop on level 2 of the Orcish Mines)
 D - a +0 shield (worn)
 E - a +1 hat (worn)
 F - the +0 pair of boots of Cutemat (melded) {rElec rF- Regen+ Int+4}
   (You bought it in a shop on level 2 of the Orcish Mines)

   It affects your intelligence (+4).
   It makes you vulnerable to fire.
   It insulates you from electricity.
   It increases your rate of regeneration.
 G - a +0 pair of gloves (melded)
Magical Staves
 H - an uncursed staff of wizardry {!a}
   (You found it on level 1 of the Shoals)
Jewellery
 m - a ring of magical power (right hand)
   (You found it on level 8 of the Dungeon)
 t - an uncursed ring of protection from cold
   (You found it on level 5 of the Dungeon)
 I - an uncursed ring of see invisible
   (You found it on level 2 of the Dungeon)
 V - a +2 ring of evasion (left hand)
   (You found it on level 3 of the Snake Pit)
 W - an uncursed ring of wizardry
   (You found it on level 4 of the Lair of Beasts)
 X - a +6 amulet of reflection (around neck)
   (You found it on level 2 of the Lair of Beasts)
Wands
 q - a wand of flame (54)
 O - a wand of iceblast (2)
Scrolls
 b - a scroll of teleportation
 d - 3 scrolls of fear
 r - 7 scrolls of remove curse
 v - a scroll of holy word
 y - a scroll of immolation
 Z - a scroll of fog
Potions
 j - a potion of flight
 s - 4 potions of curing
 u - 2 potions of invisibility
 z - a potion of resistance
 K - 2 potions of lignification
 L - 2 potions of brilliance
Books
 g - a book of Flames
   (You found it on level 2 of the Shoals)

   Spells                             Type                      Level
   a - Flame Tongue                   Conjuration/Fire             1
   b - Throw Flame                    Conjuration/Fire             2
   c - Conjure Flame                  Conjuration/Fire             3
   d - Inner Flame                    Hexes/Fire                   3
   e - Sticky Flame                   Conjuration/Fire             4
   f - Fireball                       Conjuration/Fire             5
 o - a book of Clouds
   (You found it on level 2 of the Lair of Beasts)

   Spells                             Type                      Level
   a - Poisonous Vapours              Poison/Air                   2
   b - Mephitic Cloud                 Conjuration/Poison/Air       3
   c - Conjure Flame                  Conjuration/Fire             3
   d - Freezing Cloud                 Conjuration/Ice/Air          6
   e - Ring of Flames                 Charms/Fire                  7
Miscellaneous
 f - a lamp of fire
Comestibles
 c - 20 rations


   Skills:
 + Level 12.2 Fighting
 + Level 12.0 Short Blades
 + Level 12.0 Long Blades
 + Level 12.0 Axes
 + Level 12.0 Maces & Flails
 + Level 12.0 Polearms
 + Level 12.0 Staves
 + Level 12.0 Slings
 + Level 12.0 Bows
 + Level 12.0 Crossbows
 + Level 12.0 Throwing
 + Level 12.0 Armour
 + Level 12.7 Dodging
 + Level 12.0 Stealth
 + Level 12.0 Shields
 + Level 13.3 Unarmed Combat
 + Level 12.8 Spellcasting
 + Level 10.2 Conjurations
 + Level 10.2 Hexes
 + Level 10.2 Charms
 + Level 10.2 Summonings
 + Level 10.2 Necromancy
 + Level 10.2 Translocations
 + Level 10.9 Transmutations
 + Level 10.2 Fire Magic
 + Level 10.2 Ice Magic
 + Level 10.2 Air Magic
 + Level 10.2 Earth Magic
 + Level 10.2 Poison Magic
 + Level 12.9 Invocations
 + Level 12.0 Evocations


You had 6 spell levels left.
You knew the following spells:

 Your Spells              Type           Power        Failure   Level  Hunger
b - Blink                 Tloc           N/A          1%          2    None
h - Blade Hands           Tmut           #######...   1%          5    None
k - Sticks to Snakes      Tmut           #######.     1%          2    None
r - Regeneration          Chrm/Necr      #######...   1%          3    None
s - Statue Form           Tmut/Erth      #######..    4%          6    ###....
v - Borgnjor's Vile Clut  Necr/Erth      #######...   1%          5    None
L - Summon Lightning Spi  Summ/Air       #######.     1%          4    None
N - Animate Dead          Necr           N/A          1%          4    None
R - Irradiate             Conj/Tmut      #######...   1%          5    None


Dungeon Overview and Level Annotations

Branches:
Dungeon (12/15)            Temple (1/1) D:5            Lair (6/6) D:10
 Shoals (4/4) Lair:2        Snake (4/4) Lair:2        Slime (5/5) Lair:6
    Orc (2/2) D:11            Elf (1/3) Orc:2

Altars:
Cheibriados
Dithmenos
Elyvilon
Fedhas
Gozag
Hepliaklqana
Kikubaaqudgha
Nemelex Xobeh
Okawaru
Qazlal
Ru
Sif Muna
Trog
Uskayaw
Vehumet
Wu Jian
Zin
Beogh
Jiyva

Shops:
D:5 (   D:8 *   Orc:2 :(*[

Annotations:
D:3 letownia2's ghost, amateur MfSk
D:5 Ijyb
D:10 exclusion: oklob plant
Lair:4 Nessos


Innate Abilities, Weirdness & Mutations

Your experience applies equally to all skills.
You have very sharp teeth.
Your uncanny sense of smell can sniff out nearby items.
You have a pair of small horns on your head.
((You are partially covered in icy blue scales. (AC +2)))
Your body sometimes deteriorates upon taking damage.
You occasionally shout uncontrollably at your foes.


Message History

Your Throwing skill increases to level 12!
Your Armour skill increases to level 12!
Your Stealth skill increases to level 12!
Your Shields skill increases to level 12!
Your Evocations skill increases to level 12!
You block the slime creature's attack. x2
Unknown command.
You slash the slime creature! You burn the slime creature.
You kill the slime creature!
Cheibriados appreciates the change of pace.
Cheibriados raises the support of your attributes as your movement slows.
You slice the slime creature!! You burn the slime creature.
The slime creature completely misses you.
The eye of devastation gazes at you. The bolt of energy misses you.
You block the slime creature's attack.
Unknown command.
You hit the slime creature but do no damage.
The slime creature is heavily wounded.
Your lightning spire shoots out a bolt of lightning at the slime creature!
The bolt of electricity misses the slime creature.
The slime creature hits you!
* * * LOW HITPOINT WARNING * * *
Unknown command.
Casting: Borgnjor's Vile Clutch
Confirm with . or Enter, or press ? or * to list all spells.
Aiming: Borgnjor's Vile Clutch
Press: ? - help, Dir - move target cursor
Okay, then.
Evoke which item? (* to show all) (? for menu, Esc to quit)
Okay, then.
Evoke which item? (* to show all) (? for menu, Esc to quit)
Aiming: Iceblast
Press: ? - help, Shift-Dir - straight line The mass of ice explodes!
The iceblast engulfs the eye of devastation.
The eye of devastation is moderately wounded.
The iceblast engulfs the slime creature.
The slime creature is almost dead.
Your lightning spire disappears in a puff of smoke!
You block the slime creature's attack. x2
Unknown command.
Okay, then.
Okay, then.
Unknown command.
Unknown command.
Unknown command.
You block the slime creature's attack.
You climb upwards.
You are no longer corroded.
There is a stone staircase leading down here.
Unknown command.
Unknown command.
You can feel time thicken for a moment.
You kill the slime creature!
Cheibriados thoroughly appreciates the change of pace.
You kill the golden eye!
Cheibriados appreciates the change of pace.
You feel somewhat more hungry.
Cheibriados lowers the support of your attributes as your movement quickens.
The slime creature quivers.
The acid blob spits acid at you. The splash of acid hits you!
You are splashed with acid!
The acid burns!
* * * LOW HITPOINT WARNING * * *
Unknown command.
Throwing (i - inventory. (,) - cycle):
Q - 44 javelins (quivered)
Press: ? - help, Shift-Dir - straight line, f - acid blob
Aim: an acid blob (heavily wounded)
Okay, then.
Casting: Borgnjor's Vile Clutch
Confirm with . or Enter, or press ? or * to list all spells.
Aiming: Summon Lightning Spire
Press: ? - help, Dir - move target cursor An electric hum fills the air.
The acid blob spits acid at you.
The splash of acid reflects off an invisible shield around you!
The splash of acid hits the acid blob.
The acid blob completely resists.
Throwing (i - inventory. (,) - cycle):
Q - 44 javelins (quivered)
Press: ? - help, Shift-Dir - straight line, f - slime creature
Aim: a slime creature You throw a javelin.
The javelin hits the slime creature.
The slime creature is lightly wounded.
The acid blob spits acid at you. The splash of acid hits you!
* * * LOW HITPOINT WARNING * * *
The acid corrodes you!
You are splashed with acid!
The acid burns!
* * * LOW HITPOINT WARNING * * *
The acid blob spits acid at you. The splash of acid hits you!
You are splashed with acid!
The acid burns!
* * * LOW HITPOINT WARNING * * *
A slime creature comes into view.
You can feel time thicken for a moment.
You are feeling hungry.
Cheibriados lowers the support of your attributes as your movement quickens.
The acid blob spits acid at you. The splash of acid hits you!
You are splashed with acid!
The acid burns!
* * * LOW HITPOINT WARNING * * *
The acid blob spits acid at you. The splash of acid hits you!
The acid corrodes you!
You are splashed with acid!
The acid burns!
You die...

.#..J....J..
.... ....#J .
........(.. ..
..... .... ...
.........# ....
......#J.#.....
#..............
#......8.......
##.##..........
##...8.....
.#........
...........
#...J..#...# #.
.....#...
##......##.#


You could see 2 acid blobs, 3 slime creatures and a friendly lightning spire.

Vanquished Creatures
  The ghost of aspa the Slayer, an adept MiBe of Trog (Snake:4)
  The ghost of Agrougrou the Bludgeoner, an adept OgSk of Okawaru (Shoals:4)
  10 acid blobs
  Kirke (Lair:6)
  Ilsuiw (Shoals:4)
  9 nagarajas
  6 azure jellies
  A frost giant (Shoals:4)
  An orc warlord (Orc:2)
  5 merfolk javelineers
  2 death oozes
  7 merfolk impalers
  4 hydras
  2 great orbs of eyes
  14 naga warriors
  A merfolk avatar (Shoals:1)
  9 anacondas
  3 alligator snapping turtles
  A satyr (Shoals:4)
  An alligator (Shoals:1)
  A merfolk aquamancer (Shoals:1)
  5 two-headed ogres
  4 death yaks (Lair:5)
  3 orc high priests (Orc:2)
  4 shock serpents
  5 naga sharpshooters
  Urug (Lair:4)
  3 salamander mystics (Snake:4)
  19 sea snakes
  3 glowing orange brains
  An unseen horror (D:11)
  5 naga ritualists
  3 orc knights (Orc:2)
  5 mana vipers
  15 harpies
  7 fauns
  4 orc sorcerers (Orc:2)
  A cyclops (Shoals:4)
  2 ugly things (D:11)
  4 manticores
  3 shining eyes
  3 salamanders
  2 merfolk sirens
  4 guardian serpents (Snake:4)
  15 black mambas
  Joseph (Lair:1)
  Psyche (D:11)
  3 water nymphs
  The ghost of joklet the Thaumaturge, a novice DECj (D:5)
  9 spiny frogs
  7 naga magi (Snake:4)
  2 komodo dragons
  6 eyes of devastation
  A rime drake (Lair:1)
  2 trolls
  17 merfolk
  2 polar bears (Lair:2)
  A wind drake (Shoals:4)
  12 hippogriffs
  58 slime creatures
  16 blink frogs
  7 snapping turtles
  7 water elementals
  A spriggan (D:7)
  A vampire (D:12)
  2 basilisks
  20 yaks
  2 golden eyes (Slime:4)
  4 wargs
  27 nagas
  4 water moccasins
  5 porcupines
  29 orc warriors
  3 ice beasts
  A phantom (D:11)
  2 eyes of draining
  2 sky beasts
  9 ogres
  12 wolves
  6 centaurs
  7 crocodiles
  8 bullfrogs
  5 scorpions
  9 killer bees
  A howler monkey (D:10)
  4 crimson imps
  A centaur zombie (D:11)
  3 hounds (D:7)
  2 jellies
  A bullfrog skeleton (D:10)
  27 orc priests
  Terence (D:2)
  A centaur skeleton (D:9)
  27 orc wizards
  3 iguanas
  5 worker ants
  A killer bee zombie (D:6)
  A hound skeleton (D:10)
  A worker ant zombie (D:10)
  Robin (D:4)
  8 adders
  2 shadow imps (D:4)
  An ooze (D:6)
  An adder skeleton (D:6)
  A worm (D:4)
  A dart slug (D:5)
  3 leopard geckos
  53 orcs
  4 giant cockroaches
  12 goblins
  3 hobgoblins
  11 jackals
  3 quokkas
  A ball python (D:3)
  A frilled lizard (D:4)
  A leopard gecko skeleton (D:4)
  A quokka skeleton (D:4)
  A rat (D:1)
  4 plants
706 creatures vanquished.

Vanquished Creatures (collateral kills)
  2 acid blobs
  A nagaraja (Snake:4)
  A naga sharpshooter (Snake:4)
  The ghost of Ratty the Thaumaturge, a journeyman DENe of Ashenzari (D:10)
  A sea snake (Snake:4)
  An orc knight (Orc:1)
  2 orc sorcerers (Orc:2)
  2 manticores
  3 slime creatures
  2 shining eyes
  A merfolk siren (Shoals:4)
  A spiny frog (Lair:6)
  2 blink frogs (Lair:6)
  A snapping turtle (Shoals:1)
  2 yaks
  A basilisk (Lair:6)
  5 nagas (Snake:4)
  A water moccasin (D:9)
  10 orc warriors
  4 wolves (Lair:1)
  2 crocodiles
  A big kobold (D:12)
  A killer bee (D:10)
  2 howler monkeys (D:10)
  2 crimson imps
  A hound (D:10)
  4 orc wizards
  3 orc priests (Orc:2)
  A hound zombie (D:4)
  2 adders
  15 orcs
  A hobgoblin (D:4)
  2 jackals (D:11)
  7 kobolds (D:12)
  5 fungi
93 creatures vanquished.

Vanquished Creatures (others)
  A merfolk javelineer (Shoals:4)
  A satyr (Shoals:2)
  A cyclops (Shoals:1)
  3 merfolk (Shoals:4)
  4 humans (Lair:6)
  A naga (Snake:4)
  A crocodile (Lair:6)
  An orc wizard (Orc:1)
  13 fungi
  12 plants
38 creatures vanquished.

Grand Total: 837 creatures vanquished

Notes
Turn   | Place    | Note
-------+----------+-------------------------------------------
     0 | D:1      | tidbits the Gnoll Transmuter began the quest for the Orb.
     0 | D:1      | Reached XP level 1. HP: 17/17 MP: 6/6
    31 | D:1      | Reached XP level 2. HP: 10/23 MP: 7/7
    35 | D:1      | Learned a level 2 spell: Sticks to Snakes
    78 | D:2      | Noticed Terence
   111 | D:2      | Killed Terence
   111 | D:2      | Reached skill level 5 in Spellcasting
   111 | D:2      | Reached XP level 3. HP: 18/28 MP: 3/9
   116 | D:2      | Learned a level 3 spell: Spider Form
   180 | D:3      | Reached skill level 1 in Invocations
   213 | D:3      | Reached skill level 1 in Short Blades
   213 | D:3      | Reached skill level 1 in Long Blades
   213 | D:3      | Reached skill level 1 in Axes
   213 | D:3      | Reached skill level 1 in Maces & Flails
   213 | D:3      | Reached skill level 1 in Polearms
   213 | D:3      | Reached skill level 1 in Staves
   213 | D:3      | Reached skill level 1 in Slings
   213 | D:3      | Reached skill level 1 in Bows
   213 | D:3      | Reached skill level 1 in Crossbows
   213 | D:3      | Reached skill level 1 in Throwing
   213 | D:3      | Reached skill level 1 in Armour
   213 | D:3      | Reached skill level 1 in Stealth
   213 | D:3      | Reached skill level 1 in Shields
   213 | D:3      | Reached skill level 1 in Evocations
   213 | D:3      | Reached XP level 4. HP: 21/34 MP: 1/11
   235 | D:3      | Learned a level 3 spell: Regeneration
   350 | D:3      | Found a glowing silver altar of Zin.
   377 | D:3      | Noticed letownia2's ghost (amateur MfSk)
   384 | D:3      | Learned a level 4 spell: Ice Form
   583 | D:4      | Reached skill level 1 in Conjurations
   583 | D:4      | Reached skill level 1 in Hexes
   583 | D:4      | Reached skill level 1 in Charms
   583 | D:4      | Reached skill level 1 in Summonings
   583 | D:4      | Reached skill level 1 in Necromancy
   583 | D:4      | Reached skill level 1 in Translocations
   583 | D:4      | Reached skill level 1 in Fire Magic
   583 | D:4      | Reached skill level 1 in Ice Magic
   583 | D:4      | Reached skill level 1 in Air Magic
   583 | D:4      | Reached skill level 1 in Earth Magic
   583 | D:4      | Reached skill level 1 in Poison Magic
   586 | D:4      | Noticed Robin
   602 | D:4      | Killed Robin
   602 | D:4      | Reached XP level 5. HP: 28/40 MP: 1/12
   673 | D:4      | Found a transporter.
   683 | D:4      | Found a transporter.
   711 | D:4      | Reached skill level 3 in Fighting
   711 | D:4      | Reached skill level 4 in Transmutations
   770 | D:4      | Noticed an ogre
   777 | D:4      | Killed an ogre
   777 | D:4      | Reached skill level 2 in Invocations
   777 | D:4      | Reached XP level 6. HP: 47/47 MP: 8/14
   880 | D:5      | Entered Level 5 of the Dungeon
   891 | D:5      | Reached skill level 2 in Short Blades
   891 | D:5      | Reached skill level 2 in Long Blades
   891 | D:5      | Reached skill level 2 in Axes
   891 | D:5      | Reached skill level 2 in Maces & Flails
   891 | D:5      | Reached skill level 2 in Polearms
   891 | D:5      | Reached skill level 2 in Staves
   891 | D:5      | Reached skill level 2 in Slings
   891 | D:5      | Reached skill level 2 in Bows
   891 | D:5      | Reached skill level 2 in Crossbows
   891 | D:5      | Reached skill level 2 in Throwing
   891 | D:5      | Reached skill level 2 in Armour
   891 | D:5      | Reached skill level 5 in Dodging
   891 | D:5      | Reached skill level 2 in Stealth
   891 | D:5      | Reached skill level 2 in Shields
   891 | D:5      | Reached skill level 2 in Evocations
   897 | D:5      | Noticed Ijyb
   969 | D:6      | Noticed an orc warrior
  1004 | D:6      | Reached XP level 7. HP: 52/52 MP: 4/15
  1007 | D:6      | Reached skill level 7 in Unarmed Combat
  1065 | D:6      | Reached skill level 2 in Conjurations
  1065 | D:6      | Reached skill level 2 in Hexes
  1065 | D:6      | Reached skill level 2 in Charms
  1065 | D:6      | Reached skill level 2 in Summonings
  1065 | D:6      | Reached skill level 2 in Necromancy
  1065 | D:6      | Reached skill level 2 in Translocations
  1065 | D:6      | Reached skill level 2 in Fire Magic
  1065 | D:6      | Reached skill level 2 in Ice Magic
  1065 | D:6      | Reached skill level 2 in Air Magic
  1065 | D:6      | Reached skill level 2 in Earth Magic
  1065 | D:6      | Reached skill level 2 in Poison Magic
  1086 | D:7      | Found an ancient bone altar of Kikubaaqudgha.
  1143 | D:5      | Noticed joklet's ghost (novice DECj)
  1169 | D:5      | Found a shadowy altar of Dithmenos.
  1183 | D:5      | Killed joklet's ghost
  1183 | D:5      | Reached skill level 3 in Invocations
  1183 | D:5      | Reached XP level 8. HP: 49/60 MP: 4/16
  1212 | D:5      | Reached skill level 4 in Fighting
  1212 | D:5      | Reached skill level 3 in Short Blades
  1212 | D:5      | Reached skill level 3 in Long Blades
  1212 | D:5      | Reached skill level 3 in Axes
  1212 | D:5      | Reached skill level 3 in Maces & Flails
  1212 | D:5      | Reached skill level 3 in Polearms
  1212 | D:5      | Reached skill level 3 in Staves
  1212 | D:5      | Reached skill level 3 in Slings
  1212 | D:5      | Reached skill level 3 in Bows
  1212 | D:5      | Reached skill level 3 in Crossbows
  1212 | D:5      | Reached skill level 3 in Throwing
  1212 | D:5      | Reached skill level 3 in Armour
  1212 | D:5      | Reached skill level 3 in Stealth
  1212 | D:5      | Reached skill level 3 in Shields
  1212 | D:5      | Reached skill level 3 in Evocations
  1250 | D:5      | Found Zanukh's Weapon Boutique.
  1258 | D:5      | Found a staircase to the Ecumenical Temple.
  1272 | Temple   | Entered the Ecumenical Temple
  1283 | Temple   | Became a worshipper of Cheibriados the Contemplative
  1314 | D:5      | Found an ornate altar of the Wu Jian Council.
  1402 | D:6      | Reached skill level 6 in Spellcasting
  1481 | D:6      | Found an opulent altar of Gozag.
  1662 | D:7      | Noticed a hippogriff
  1673 | D:7      | Killed a hippogriff
  1673 | D:7      | Reached skill level 3 in Conjurations
  1673 | D:7      | Reached skill level 3 in Hexes
  1673 | D:7      | Reached skill level 3 in Charms
  1673 | D:7      | Reached skill level 3 in Summonings
  1673 | D:7      | Reached skill level 3 in Necromancy
  1673 | D:7      | Reached skill level 3 in Translocations
  1673 | D:7      | Reached skill level 3 in Fire Magic
  1673 | D:7      | Reached skill level 3 in Ice Magic
  1673 | D:7      | Reached skill level 3 in Air Magic
  1673 | D:7      | Reached skill level 3 in Earth Magic
  1673 | D:7      | Reached skill level 3 in Poison Magic
  1673 | D:7      | Reached skill level 4 in Invocations
  1745 | D:7      | Noticed a spriggan baker
  1755 | D:7      | Killed a spriggan baker
  1755 | D:7      | Reached * piety under Cheibriados
  1755 | D:7      | Reached skill level 6 in Dodging
  1755 | D:7      | Reached skill level 5 in Transmutations
  1755 | D:7      | Reached XP level 9. HP: 39/66 MP: 13/18
  1808 | D:8      | Found Wisali Noaf's Assorted Antiques.
  1829 | D:8      | Reached skill level 4 in Short Blades
  1829 | D:8      | Reached skill level 4 in Long Blades
  1829 | D:8      | Reached skill level 4 in Axes
  1829 | D:8      | Reached skill level 4 in Maces & Flails
  1829 | D:8      | Reached skill level 4 in Polearms
  1829 | D:8      | Reached skill level 4 in Staves
  1829 | D:8      | Reached skill level 4 in Slings
  1829 | D:8      | Reached skill level 4 in Bows
  1829 | D:8      | Reached skill level 4 in Crossbows
  1829 | D:8      | Reached skill level 4 in Throwing
  1829 | D:8      | Reached skill level 4 in Armour
  1829 | D:8      | Reached skill level 4 in Stealth
  1829 | D:8      | Reached skill level 4 in Shields
  1829 | D:8      | Reached skill level 4 in Evocations
  1911 | D:7      | Reached skill level 5 in Fighting
  1963 | D:8      | Bought a shiny gold wand for 100 gold pieces
  1968 | D:8      | Learned a level 4 spell: Summon Lightning Spire
  2038 | D:8      | Reached ** piety under Cheibriados
  2048 | D:8      | Reached skill level 8 in Unarmed Combat
  2102 | D:8      | Reached skill level 5 in Invocations
  2243 | D:8      | Found a hide-covered altar of Uskayaw.
  2244 | D:8      | Noticed an enchanted hand axe
  2244 | D:8      | Noticed a hand axe
  2350 | D:9      | Noticed a two-headed ogre
  2360 | D:9      | Killed a two-headed ogre
  2360 | D:9      | Reached skill level 7 in Spellcasting
  2360 | D:9      | Reached skill level 4 in Conjurations
  2360 | D:9      | Reached skill level 4 in Hexes
  2360 | D:9      | Reached skill level 4 in Charms
  2360 | D:9      | Reached skill level 4 in Summonings
  2360 | D:9      | Reached skill level 4 in Necromancy
  2360 | D:9      | Reached skill level 4 in Translocations
  2360 | D:9      | Reached skill level 4 in Fire Magic
  2360 | D:9      | Reached skill level 4 in Ice Magic
  2360 | D:9      | Reached skill level 4 in Air Magic
  2360 | D:9      | Reached skill level 4 in Earth Magic
  2360 | D:9      | Reached skill level 4 in Poison Magic
  2360 | D:9      | Reached XP level 10. HP: 51/75 MP: 20/20
  2426 | D:9      | Learned a level 5 spell: Blade Hands
  2439 | D:10     | Entered Level 10 of the Dungeon
  2441 | D:10     | Found a staircase to the Lair.
  2469 | D:10     | Noticed an oklob plant
  2490 | D:10     | Reached skill level 5 in Short Blades
  2490 | D:10     | Reached skill level 5 in Long Blades
  2490 | D:10     | Reached skill level 5 in Axes
  2490 | D:10     | Reached skill level 5 in Maces & Flails
  2490 | D:10     | Reached skill level 5 in Polearms
  2490 | D:10     | Reached skill level 5 in Staves
  2490 | D:10     | Reached skill level 5 in Slings
  2490 | D:10     | Reached skill level 5 in Bows
  2490 | D:10     | Reached skill level 5 in Crossbows
  2490 | D:10     | Reached skill level 5 in Throwing
  2490 | D:10     | Reached skill level 5 in Armour
  2490 | D:10     | Reached skill level 5 in Stealth
  2490 | D:10     | Reached skill level 5 in Shields
  2490 | D:10     | Reached skill level 5 in Evocations
  2559 | D:9      | Reached skill level 7 in Dodging
  2592 | D:9      | Found a blossoming altar of Fedhas.
  2620 | D:9      | Reached *** piety under Cheibriados
  2809 | D:10     | Reached skill level 6 in Fighting
  2841 | D:10     | Reached skill level 6 in Transmutations
  2841 | D:10     | Reached skill level 6 in Invocations
  2866 | D:10     | Reached **** piety under Cheibriados
  2887 | D:11     | Noticed Psyche
  2888 | D:11     | Killed Psyche
  2904 | D:11     | Noticed an unseen horror
  2913 | D:11     | Noticed a purple ugly thing
  2913 | D:11     | Killed an unseen horror
  2918 | D:11     | Killed a purple ugly thing
  2918 | D:11     | Reached XP level 11. HP: 57/83 MP: 14/22
  3015 | D:11     | Noticed a two-headed ogre
  3019 | D:11     | Noticed a two-headed ogre
  3020 | D:11     | Killed a two-headed ogre
  3025 | D:11     | Killed a two-headed ogre
  3025 | D:11     | Reached skill level 6 in Short Blades
  3025 | D:11     | Reached skill level 6 in Long Blades
  3025 | D:11     | Reached skill level 6 in Axes
  3025 | D:11     | Reached skill level 6 in Maces & Flails
  3025 | D:11     | Reached skill level 6 in Polearms
  3025 | D:11     | Reached skill level 6 in Staves
  3025 | D:11     | Reached skill level 6 in Slings
  3025 | D:11     | Reached skill level 6 in Bows
  3025 | D:11     | Reached skill level 6 in Crossbows
  3025 | D:11     | Reached skill level 6 in Throwing
  3025 | D:11     | Reached skill level 6 in Armour
  3025 | D:11     | Reached skill level 6 in Stealth
  3025 | D:11     | Reached skill level 6 in Shields
  3025 | D:11     | Reached skill level 9 in Unarmed Combat
  3025 | D:11     | Reached skill level 5 in Conjurations
  3025 | D:11     | Reached skill level 5 in Hexes
  3025 | D:11     | Reached skill level 5 in Charms
  3025 | D:11     | Reached skill level 5 in Summonings
  3025 | D:11     | Reached skill level 5 in Necromancy
  3025 | D:11     | Reached skill level 5 in Translocations
  3025 | D:11     | Reached skill level 5 in Fire Magic
  3025 | D:11     | Reached skill level 5 in Ice Magic
  3025 | D:11     | Reached skill level 5 in Air Magic
  3025 | D:11     | Reached skill level 5 in Earth Magic
  3025 | D:11     | Reached skill level 5 in Poison Magic
  3025 | D:11     | Reached skill level 6 in Evocations
  3041 | D:11     | Found a staircase to the Orcish Mines.
  3056 | D:11     | Noticed a two-headed ogre
  3060 | D:11     | Noticed a red ugly thing
  3065 | D:11     | Killed a two-headed ogre
  3065 | D:11     | Reached skill level 8 in Spellcasting
  3069 | D:11     | Killed a red ugly thing
  3069 | D:11     | HP: 5/83 [bullfrog (8)]
  3080 | D:11     | Noticed a five-headed hydra
  3123 | D:11     | Killed a five-headed hydra
  3143 | D:11     | Learned a level 5 spell: Borgnjor's Vile Clutch
  3144 | Orc:1    | Entered Level 1 of the Orcish Mines
  3149 | Orc:1    | Found a roughly hewn altar of Beogh.
  3154 | Orc:1    | Reached skill level 7 in Invocations
  3194 | Orc:1    | Noticed an orc knight
  3202 | Orc:1    | Killed an orc knight
  3202 | Orc:1    | Reached skill level 7 in Fighting
  3202 | Orc:1    | Reached skill level 8 in Dodging
  3210 | Orc:1    | Reached ***** piety under Cheibriados
  3298 | Orc:2    | Entered Level 2 of the Orcish Mines
  3307 | Orc:2    | Noticed an orc sorcerer
  3308 | Orc:2    | Killed an orc sorcerer
  3362 | Orc:1    | Found a bloodstained altar of Trog.
  3384 | Orc:1    | Reached XP level 12. HP: 85/91 MP: 14/24
  3691 | Orc:2    | Found a staircase to the Elven Halls.
  3709 | Elf:1    | Entered Level 1 of the Elven Halls
  3767 | Orc:2    | Noticed an orc high priest
  3780 | Orc:2    | Noticed an orc high priest
  3783 | Orc:2    | Killed an orc high priest
  3783 | Orc:2    | Reached skill level 7 in Transmutations
  3788 | Orc:2    | Killed an orc high priest
  3788 | Orc:2    | Reached skill level 7 in Short Blades
  3788 | Orc:2    | Reached skill level 7 in Long Blades
  3788 | Orc:2    | Reached skill level 7 in Axes
  3788 | Orc:2    | Reached skill level 7 in Maces & Flails
  3788 | Orc:2    | Reached skill level 7 in Polearms
  3788 | Orc:2    | Reached skill level 7 in Staves
  3788 | Orc:2    | Reached skill level 7 in Slings
  3788 | Orc:2    | Reached skill level 7 in Bows
  3788 | Orc:2    | Reached skill level 7 in Crossbows
  3788 | Orc:2    | Reached skill level 7 in Throwing
  3788 | Orc:2    | Reached skill level 7 in Armour
  3788 | Orc:2    | Reached skill level 7 in Stealth
  3788 | Orc:2    | Reached skill level 7 in Shields
  3788 | Orc:2    | Reached skill level 7 in Evocations
  3808 | Orc:2    | Noticed an orc warlord
  3833 | Orc:2    | Killed an orc warlord
  3865 | Orc:2    | Reached ****** piety under Cheibriados
  3874 | Orc:2    | Noticed an orc high priest
  3888 | Orc:2    | Killed an orc high priest
  3888 | Orc:2    | Reached skill level 6 in Conjurations
  3888 | Orc:2    | Reached skill level 6 in Hexes
  3888 | Orc:2    | Reached skill level 6 in Charms
  3888 | Orc:2    | Reached skill level 6 in Summonings
  3888 | Orc:2    | Reached skill level 6 in Necromancy
  3888 | Orc:2    | Reached skill level 6 in Translocations
  3888 | Orc:2    | Reached skill level 6 in Fire Magic
  3888 | Orc:2    | Reached skill level 6 in Ice Magic
  3888 | Orc:2    | Reached skill level 6 in Air Magic
  3888 | Orc:2    | Reached skill level 6 in Earth Magic
  3888 | Orc:2    | Reached skill level 6 in Poison Magic
  3911 | Orc:2    | Reached skill level 8 in Invocations
  3944 | Orc:2    | Reached skill level 9 in Spellcasting
  4017 | Orc:2    | Reached skill level 8 in Fighting
  4017 | Orc:2    | Reached skill level 10 in Unarmed Combat
  4041 | Orc:2    | Found Futrukh's Antique Armour Boutique.
  4042 | Orc:2    | Found Cezicwoi's Antique Weapon Boutique.
  4044 | Orc:2    | Found Veyvvoug's General Store.
  4044 | Orc:2    | Found Hofe's Book Shop.
  4063 | Orc:2    | Bought a troll leather armour for 405 gold pieces
  4063 | Orc:2    | Bought a pair of shimmering boots for 256 gold pieces
  4063 | Orc:2    | Bought a runed helmet for 202 gold pieces
  4063 | Orc:2    | Bought a runed cloak for 202 gold pieces
  4083 | Orc:2    | Identified the cursed +0 pair of boots of Cutemat {rElec rF- Regen+ Int+4} (You bought it in a shop on level 2 of the Orcish Mines)
  4249 | D:11     | Noticed a two-headed ogre
  4252 | D:11     | Killed a two-headed ogre
  4252 | D:11     | Reached skill level 9 in Dodging
  4288 | D:12     | Reached XP level 13. HP: 98/98 MP: 18/26
  4447 | D:10     | Noticed Ratty's ghost (journeyman DENe)
  4451 | D:10     | Killed Ratty's ghost
  4470 | Lair:1   | Entered Level 1 of the Lair of Beasts
  4715 | Lair:1   | Noticed Joseph
  4723 | Lair:1   | Killed Joseph
  4922 | Lair:2   | Got a crystal morningstar
  4923 | Lair:2   | Identified the +1 morningstar of Vuirchagh {crush, +Rage MP+9 Str-2 Int+10} (You found it on level 2 of the Lair of Beasts)
  4952 | Lair:2   | Reached skill level 8 in Short Blades
  4952 | Lair:2   | Reached skill level 8 in Long Blades
  4952 | Lair:2   | Reached skill level 8 in Axes
  4952 | Lair:2   | Reached skill level 8 in Maces & Flails
  4952 | Lair:2   | Reached skill level 8 in Polearms
  4952 | Lair:2   | Reached skill level 8 in Staves
  4952 | Lair:2   | Reached skill level 8 in Slings
  4952 | Lair:2   | Reached skill level 8 in Bows
  4952 | Lair:2   | Reached skill level 8 in Crossbows
  4952 | Lair:2   | Reached skill level 8 in Throwing
  4952 | Lair:2   | Reached skill level 8 in Armour
  4952 | Lair:2   | Reached skill level 8 in Stealth
  4952 | Lair:2   | Reached skill level 8 in Shields
  4952 | Lair:2   | Reached skill level 8 in Evocations
  4965 | Lair:2   | Found a staircase to the Snake Pit.
  5187 | Lair:4   | Noticed Nessos
  5502 | Lair:4   | Noticed Urug
  5510 | Lair:4   | Killed Urug
  5510 | Lair:4   | Reached skill level 9 in Invocations
  5521 | Lair:4   | Found a hide-covered altar of Uskayaw.
  5620 | Lair:5   | Reached skill level 8 in Transmutations
  5725 | Lair:5   | Reached skill level 7 in Conjurations
  5725 | Lair:5   | Reached skill level 7 in Hexes
  5725 | Lair:5   | Reached skill level 7 in Charms
  5725 | Lair:5   | Reached skill level 7 in Summonings
  5725 | Lair:5   | Reached skill level 7 in Necromancy
  5725 | Lair:5   | Reached skill level 7 in Translocations
  5725 | Lair:5   | Reached skill level 7 in Fire Magic
  5725 | Lair:5   | Reached skill level 7 in Ice Magic
  5725 | Lair:5   | Reached skill level 7 in Air Magic
  5725 | Lair:5   | Reached skill level 7 in Earth Magic
  5725 | Lair:5   | Reached skill level 7 in Poison Magic
  5770 | Lair:6   | Entered Level 6 of the Lair of Beasts
  5805 | Lair:6   | Reached skill level 9 in Fighting
  5875 | Lair:6   | Reached skill level 10 in Spellcasting
  5901 | Lair:6   | Reached XP level 14. HP: 108/108 MP: 28/28
  5910 | Lair:6   | Noticed Kirke
  5916 | Lair:6   | Killed Kirke
  5938 | Lair:6   | Learned a level 4 spell: Animate Dead
  5998 | Lair:6   | Reached skill level 10 in Dodging
  6003 | Lair:6   | Found a viscous altar of Jiyva.
  6004 | Lair:6   | Found a staircase to the Slime Pits.
  6150 | Lair:2   | Found a shadowy altar of Dithmenos.
  6385 | Lair:2   | Found a staircase to the Shoals.
  6405 | Shoals:1 | Entered Level 1 of the Shoals
  6410 | Shoals:1 | Reached skill level 11 in Unarmed Combat
  6410 | Shoals:1 | Reached skill level 9 in Short Blades
  6410 | Shoals:1 | Reached skill level 9 in Long Blades
  6410 | Shoals:1 | Reached skill level 9 in Axes
  6410 | Shoals:1 | Reached skill level 9 in Maces & Flails
  6410 | Shoals:1 | Reached skill level 9 in Polearms
  6410 | Shoals:1 | Reached skill level 9 in Staves
  6410 | Shoals:1 | Reached skill level 9 in Slings
  6410 | Shoals:1 | Reached skill level 9 in Bows
  6410 | Shoals:1 | Reached skill level 9 in Crossbows
  6410 | Shoals:1 | Reached skill level 9 in Throwing
  6410 | Shoals:1 | Reached skill level 9 in Armour
  6410 | Shoals:1 | Reached skill level 9 in Stealth
  6410 | Shoals:1 | Reached skill level 9 in Shields
  6410 | Shoals:1 | Reached skill level 9 in Evocations
  6475 | Shoals:2 | Noticed a kraken
  6487 | Shoals:2 | Reached skill level 10 in Invocations
  6815 | Shoals:4 | Entered Level 4 of the Shoals
  6844 | Shoals:4 | Reached skill level 8 in Conjurations
  6844 | Shoals:4 | Reached skill level 8 in Hexes
  6844 | Shoals:4 | Reached skill level 8 in Charms
  6844 | Shoals:4 | Reached skill level 8 in Summonings
  6844 | Shoals:4 | Reached skill level 8 in Necromancy
  6844 | Shoals:4 | Reached skill level 8 in Translocations
  6844 | Shoals:4 | Reached skill level 8 in Fire Magic
  6844 | Shoals:4 | Reached skill level 8 in Ice Magic
  6844 | Shoals:4 | Reached skill level 8 in Air Magic
  6844 | Shoals:4 | Reached skill level 8 in Earth Magic
  6844 | Shoals:4 | Reached skill level 8 in Poison Magic
  6845 | Shoals:4 | Reached XP level 15. HP: 115/115 MP: 29/29
  6856 | Shoals:4 | Learned a level 6 spell: Statue Form
  6874 | Shoals:4 | Gained mutation: You have a pair of small horns on your head. [potion of mutation]
  6874 | Shoals:4 | Gained mutation: You are partially covered in icy blue scales. (AC +2) [potion of mutation]
  6927 | Shoals:4 | Noticed Ilsuiw
  6930 | Shoals:4 | Reached skill level 9 in Transmutations
  6932 | Shoals:4 | Reached skill level 10 in Fighting
  6935 | Shoals:4 | Killed Ilsuiw
  7041 | Shoals:4 | Reached skill level 11 in Spellcasting
  7168 | Shoals:4 | Reached skill level 10 in Short Blades
  7168 | Shoals:4 | Reached skill level 10 in Long Blades
  7168 | Shoals:4 | Reached skill level 10 in Axes
  7168 | Shoals:4 | Reached skill level 10 in Maces & Flails
  7168 | Shoals:4 | Reached skill level 10 in Polearms
  7168 | Shoals:4 | Reached skill level 10 in Staves
  7168 | Shoals:4 | Reached skill level 10 in Slings
  7168 | Shoals:4 | Reached skill level 10 in Bows
  7168 | Shoals:4 | Reached skill level 10 in Crossbows
  7168 | Shoals:4 | Reached skill level 10 in Throwing
  7168 | Shoals:4 | Reached skill level 10 in Armour
  7168 | Shoals:4 | Reached skill level 10 in Stealth
  7168 | Shoals:4 | Reached skill level 10 in Shields
  7168 | Shoals:4 | Reached skill level 10 in Evocations
  7279 | Shoals:4 | Reached skill level 11 in Dodging
  7316 | Shoals:4 | Noticed a frost giant
  7318 | Shoals:4 | Reached skill level 11 in Invocations
  7322 | Shoals:4 | Killed a frost giant
  7393 | Shoals:4 | Got a barnacled rune of Zot
  7420 | Shoals:4 | Noticed Agrougrou's ghost (adept OgSk)
  7447 | Shoals:4 | Killed Agrougrou's ghost
  7588 | Lair:2   | Reached skill level 12 in Unarmed Combat
  7623 | Snake:1  | Entered Level 1 of the Snake Pit
  7644 | Snake:2  | Reached XP level 16. HP: 124/124 MP: 31/31
  7651 | Snake:2  | Noticed a nagaraja
  7654 | Snake:2  | Killed a nagaraja
  7717 | Snake:4  | Entered Level 4 of the Snake Pit
  7727 | Snake:4  | Noticed a nagaraja
  7738 | Snake:4  | Killed a nagaraja
  7793 | Snake:4  | Reached skill level 9 in Conjurations
  7793 | Snake:4  | Reached skill level 9 in Hexes
  7793 | Snake:4  | Reached skill level 9 in Charms
  7793 | Snake:4  | Reached skill level 9 in Summonings
  7793 | Snake:4  | Reached skill level 9 in Necromancy
  7793 | Snake:4  | Reached skill level 9 in Translocations
  7793 | Snake:4  | Reached skill level 9 in Fire Magic
  7793 | Snake:4  | Reached skill level 9 in Ice Magic
  7793 | Snake:4  | Reached skill level 9 in Air Magic
  7793 | Snake:4  | Reached skill level 9 in Earth Magic
  7793 | Snake:4  | Reached skill level 9 in Poison Magic
  7809 | Snake:4  | Reached skill level 11 in Fighting
  7907 | Snake:4  | Noticed a nagaraja
  7908 | Snake:4  | Noticed a nagaraja
  7911 | Snake:4  | Reached skill level 10 in Transmutations
  7912 | Snake:4  | Noticed a nagaraja
  7913 | Snake:4  | Noticed a nagaraja
  7913 | Snake:4  | Noticed a nagaraja
  7916 | Snake:4  | Noticed a nagaraja
  7916 | Snake:4  | Killed a nagaraja
  7962 | Snake:4  | Learned a level 5 spell: Irradiate
  7980 | Snake:4  | Noticed a nagaraja
  7990 | Snake:4  | Killed a nagaraja
  7999 | Snake:4  | Reached skill level 11 in Short Blades
  7999 | Snake:4  | Reached skill level 11 in Long Blades
  7999 | Snake:4  | Reached skill level 11 in Axes
  7999 | Snake:4  | Reached skill level 11 in Maces & Flails
  7999 | Snake:4  | Reached skill level 11 in Polearms
  7999 | Snake:4  | Reached skill level 11 in Staves
  7999 | Snake:4  | Reached skill level 11 in Slings
  7999 | Snake:4  | Reached skill level 11 in Bows
  7999 | Snake:4  | Reached skill level 11 in Crossbows
  7999 | Snake:4  | Reached skill level 11 in Throwing
  7999 | Snake:4  | Reached skill level 11 in Armour
  7999 | Snake:4  | Reached skill level 11 in Stealth
  7999 | Snake:4  | Reached skill level 11 in Shields
  7999 | Snake:4  | Reached skill level 11 in Evocations
  8047 | Snake:4  | Killed a nagaraja
  8058 | Snake:4  | Reached skill level 12 in Spellcasting
  8074 | Snake:4  | Reached XP level 17. HP: 131/131 MP: 32/33
  8100 | Snake:4  | Reached skill level 12 in Invocations
  8108 | Snake:4  | Noticed aspa's ghost (adept MiBe)
  8123 | Snake:4  | Killed aspa's ghost
  8126 | Snake:4  | Reached skill level 12 in Dodging
  8213 | Snake:4  | Got a serpentine rune of Zot
  8449 | Lair:6   | Learned a level 2 spell: Blink
  8450 | Slime:1  | Entered Level 1 of the Pits of Slime
  8450 | Slime:1  | Noticed an acid blob
  8454 | Slime:1  | Gained mutation: You occasionally shout uncontrollably at your foes. [a shining eye]
  8456 | Slime:1  | Killed an acid blob
  8456 | Slime:1  | Gained mutation: Your body sometimes deteriorates upon taking damage. [a shining eye]
  8547 | Slime:2  | Noticed an acid blob
  8551 | Slime:2  | Noticed an acid blob
  8559 | Slime:2  | Killed an acid blob
  8560 | Slime:2  | Killed an acid blob
  8572 | Slime:3  | Noticed an acid blob
  8582 | Slime:3  | HP: 15/172 [disintegration (8)]
  8589 | Slime:3  | Reached skill level 13 in Unarmed Combat
  8612 | Slime:3  | Killed an acid blob
  8631 | Slime:3  | HP: 16/172 [azure jelly (8)]
  8717 | Slime:4  | Noticed an acid blob
  8724 | Slime:4  | Noticed an acid blob
  8726 | Slime:3  | Killed an acid blob
  8726 | Slime:3  | Reached skill level 10 in Conjurations
  8726 | Slime:3  | Reached skill level 10 in Hexes
  8726 | Slime:3  | Reached skill level 10 in Charms
  8726 | Slime:3  | Reached skill level 10 in Summonings
  8726 | Slime:3  | Reached skill level 10 in Necromancy
  8726 | Slime:3  | Reached skill level 10 in Translocations
  8726 | Slime:3  | Reached skill level 10 in Fire Magic
  8726 | Slime:3  | Reached skill level 10 in Ice Magic
  8726 | Slime:3  | Reached skill level 10 in Air Magic
  8726 | Slime:3  | Reached skill level 10 in Earth Magic
  8726 | Slime:3  | Reached skill level 10 in Poison Magic
  8785 | Slime:4  | Killed an acid blob
  8785 | Slime:4  | Reached XP level 18. HP: 132/140 MP: 29/34
  8787 | Slime:4  | Reached skill level 12 in Fighting
  8833 | Slime:5  | Entered Level 5 of the Pits of Slime
  8994 | Slime:5  | Reached skill level 12 in Short Blades
  8994 | Slime:5  | Reached skill level 12 in Long Blades
  8994 | Slime:5  | Reached skill level 12 in Axes
  8994 | Slime:5  | Reached skill level 12 in Maces & Flails
  8994 | Slime:5  | Reached skill level 12 in Polearms
  8994 | Slime:5  | Reached skill level 12 in Staves
  8994 | Slime:5  | Reached skill level 12 in Slings
  8994 | Slime:5  | Reached skill level 12 in Bows
  8994 | Slime:5  | Reached skill level 12 in Crossbows
  8994 | Slime:5  | Reached skill level 12 in Throwing
  8994 | Slime:5  | Reached skill level 12 in Armour
  8994 | Slime:5  | Reached skill level 12 in Stealth
  8994 | Slime:5  | Reached skill level 12 in Shields
  8994 | Slime:5  | Reached skill level 12 in Evocations
  9002 | Slime:4  | HP: 15/182 [acid (7)]
  9003 | Slime:4  | HP: 6/182 [acid (10)]
  9003 | Slime:4  | Splashed by an acid blob's acid

Skill      XL: |  1  2  3  4  5  6  7  8  9 10 11 12 13 14 15 16 17 18 |
---------------+-------------------------------------------------------+-----
Spellcasting   | 5 6 7 8 9 10 11 12 | 12.8
Invocations    | 1 2 3 4 5 6 7 8 9 10 11 12 | 12.9
Short Blades   | 1 2 3 4 5 6 7 8 9 10 11 12 | 12.0
Long Blades    | 1 2 3 4 5 6 7 8 9 10 11 12 | 12.0
Axes           | 1 2 3 4 5 6 7 8 9 10 11 12 | 12.0
Maces & Flails | 1 2 3 4 5 6 7 8 9 10 11 12 | 12.0
Polearms       | 1 2 3 4 5 6 7 8 9 10 11 12 | 12.0
Staves         | 1 2 3 4 5 6 7 8 9 10 11 12 | 12.0
Slings         | 1 2 3 4 5 6 7 8 9 10 11 12 | 12.0
Bows           | 1 2 3 4 5 6 7 8 9 10 11 12 | 12.0
Crossbows      | 1 2 3 4 5 6 7 8 9 10 11 12 | 12.0
Throwing       | 1 2 3 4 5 6 7 8 9 10 11 12 | 12.0
Armour         | 1 2 3 4 5 6 7 8 9 10 11 12 | 12.0
Stealth        | 1 2 3 4 5 6 7 8 9 10 11 12 | 12.0
Shields        | 1 2 3 4 5 6 7 8 9 10 11 12 | 12.0
Evocations     | 1 2 3 4 5 6 7 8 9 10 11 12 | 12.0
Conjurations   | 1 2 3 4 5 6 7 8 9 10 | 10.2
Hexes          | 1 2 3 4 5 6 7 8 9 10 | 10.2
Charms         | 1 2 3 4 5 6 7 8 9 10 | 10.2
Summonings     | 1 2 3 4 5 6 7 8 9 10 | 10.2
Necromancy     | 1 2 3 4 5 6 7 8 9 10 | 10.2
Translocations | 1 2 3 4 5 6 7 8 9 10 | 10.2
Fire Magic     | 1 2 3 4 5 6 7 8 9 10 | 10.2
Ice Magic      | 1 2 3 4 5 6 7 8 9 10 | 10.2
Air Magic      | 1 2 3 4 5 6 7 8 9 10 | 10.2
Earth Magic    | 1 2 3 4 5 6 7 8 9 10 | 10.2
Poison Magic   | 1 2 3 4 5 6 7 8 9 10 | 10.2
Fighting       | 3 4 5 6 7 8 9 10 11 12 | 12.2
Transmutations | 4 5 6 7 8 9 10 | 10.9
Dodging        | 5 6 7 8 9 10 11 12 | 12.7
Unarmed Combat | 7 8 9 10 11 12 13 | 13.3

Action                   |  1- 3 |  4- 6 |  7- 9 | 10-12 | 13-15 | 16-18 || total
-------------------------+-------+-------+-------+-------+-------+-------++-------
Melee: Unarmed           |    18 |    72 |   236 |   143 |   260 |    37 ||   766
       Headbutt          |     3 |     1 |       |       |    31 |   100 ||   135
       Short sword       |    19 |     7 |     2 |       |       |       ||    28
       Kick              |     5 |       |       |       |       |       ||     5
       Punch             |     1 |       |       |    20 |    21 |       ||    42
       Bite              |       |     1 |     1 |    32 |    76 |    57 ||   167
       Dagger            |       |       |     4 |    29 |       |       ||    33
       Flail             |       |       |       |    72 |    24 |       ||    96
       Morningstar       |       |       |       |       |    14 |       ||    14
       War axe           |       |       |       |       |    15 |       ||    15
       Demon trident     |       |       |       |       |     8 |       ||     8
       Broad axe         |       |       |       |       |    35 |   216 ||   251
Throw: Stone             |       |       |       |     8 |       |       ||     8
       Tomahawk          |       |       |       |    81 |    16 |       ||    97
       Javelin           |       |       |       |       |    20 |    29 ||    49
 Cast: Beastly Appendage |     5 |     1 |     1 |       |       |       ||     7
       Sticks to Snakes  |     4 |     9 |    15 |     6 |     6 |     2 ||    42
       Spider Form       |     1 |    14 |    27 |     1 |       |       ||    43
       Regeneration      |       |     1 |     4 |    21 |    15 |    19 ||    60
       Ice Form          |       |       |     1 |     1 |       |       ||     2
       Blade Hands       |       |       |       |    30 |    33 |       ||    63
       Summon Lightning  |       |       |       |    25 |     7 |    15 ||    47
       Borgnjor's Vile C |       |       |       |    15 |    42 |    36 ||    93
       Animate Dead      |       |       |       |       |     2 |     3 ||     5
       Statue Form       |       |       |       |       |    14 |    25 ||    39
       Irradiate         |       |       |       |       |       |    20 ||    20
Invok: Bend Time         |       |       |       |     1 |       |     1 ||     2
       Slouch            |       |       |       |     3 |     9 |     8 ||    20
       Step From Time    |       |       |       |       |       |     1 ||     1
       Temporal Distorti |       |       |       |       |       |     1 ||     1
 Abil: End Transformatio |       |     1 |     1 |     7 |     4 |     3 ||    16
Evoke: Wand              |       |     8 |     2 |    26 |     5 |     2 ||    43
  Use: Scroll            |     2 |     6 |     2 |     6 |    26 |     3 ||    45
       Potion            |       |     2 |     1 |     5 |     4 |     7 ||    19
 Stab: Sleeping          |     2 |     2 |     7 |     6 |     9 |     1 ||    27
       Distracted        |       |       |     2 |     8 |     2 |     9 ||    21
  Eat: Chunk             |       |     2 |     5 |     6 |     6 |       ||    19
       Ration            |       |       |       |     2 |     3 |     1 ||     6
Armor: Robe              |     2 |     1 |     5 |    16 |       |       ||    24
       Skin              |       |     2 |    14 |     2 |    82 |   167 ||   267
       Troll leather arm |       |       |       |     5 |    58 |       ||    63
Dodge: Dodged            |    19 |    70 |   222 |   245 |   600 |   446 ||  1602
Block: Other             |       |       |       |       |    73 |       ||    73
       Buckler           |       |       |       |       |   294 |   106 ||   400
       Reflection        |       |       |       |       |    44 |    36 ||    80
       Shield            |       |       |       |       |       |   398 ||   398

Table legend:
 A = Turns spent in this place as a percentage of turns spent in the entire game.
 B = Non-inter-level travel turns spent in this place as a percentage of non-inter-level travel turns spent in the entire game.
 C = Inter-level travel turns spent in this place as a percentage of turns spent in this place.
 D = Turns resting spent in this place as a percentage of non-inter-level travel turns spent in this place.
 E = Turns spent auto-exploring this place as a percentage of non-inter-level travel turns spent in this place.
 F = Non-inter-level travel turns spent in this place divided by the number of levels of this place that you've seen.
                   A       B       C       D       E      F
               +-------+-------+-------+-------+-------+----------------------
         Total | 100.0 | 100.0 |   2.2 |   0.1 |   0.0 | 251.7
       Dungeon |  37.5 |  38.3 |   0.0 |   0.0 |   0.0 | 281.1
        Temple |   0.3 |   0.3 |   0.0 |   0.0 |   0.0 |  23.0
          Lair |  23.2 |  22.5 |   5.3 |   0.0 |   0.0 | 330.2
        Shoals |  13.0 |  13.0 |   2.0 |   1.0 |   0.0 | 286.5
     Snake Pit |   8.0 |   7.5 |   8.5 |   0.0 |   0.0 | 164.5
    Slime Pits |   6.1 |   6.3 |   0.0 |   0.0 |   0.0 | 110.6
  Orcish Mines |  11.9 |  12.2 |   0.0 |   0.0 |   0.0 | 535.5
   Elven Halls |   0.0 |   0.0 |   0.0 |   0.0 |   0.0 |   3.0
               +-------+-------+-------+-------+-------+----------------------

Table legend:
 A = Kills in this place as a percentage of kills in entire the game.
 B = Kills by you in this place as a percentage of kills by you in the entire game.
 C = Kills by friends in this place as a percentage of kills by friends in the entire game.
 D = Other kills in this place as a percentage of other kills in the entire game.
 E = Experience gained in this place as a percentage of experience gained in the entire game.
 F = Experience gained in this place divided by the number of levels of this place that you have seen.
                   A       B       C       D       E      F
               +-------+-------+-------+-------+-------+----------------------
         Total | 100.0 | 100.0 | 100.0 | 100.0 | 100.0 | 7790.9
       Dungeon |  26.3 |  25.4 |  36.4 |   0.0 |   6.6 | 1497.2
          Lair |  13.8 |  14.0 |  13.6 |   0.0 |  11.1 | 5022.0
        Shoals |  13.9 |  14.5 |   3.4 |  75.0 |  23.7 | 16144.8
     Snake Pit |  15.4 |  16.2 |   9.1 |  12.5 |  29.3 | 19947.0
    Slime Pits |  12.3 |  13.1 |   6.8 |   0.0 |  23.8 | 12974.2
  Orcish Mines |  18.3 |  16.8 |  30.7 |  12.5 |   5.6 | 7671.5
               +-------+-------+-------+-------+-------+----------------------

Vault maps used:
D:1:      dpeg_arrival_round_c, minivault_4, serial_park_tiny_2,
          serial_bayou_pond_d, minmay_misc_feat_encased
D:2:      overflow_temple_1_default, first_ration, grunt_decor_cap,
          uniq_terence, uniq_crazy_yiuf_cottage, uniq_natasha
D:3:      zin_scriptorium
D:4:      gammafunk_wand_slinger, gup_sewer_entry_bowl, serial_shops,
          shop_statue, uniq_robin, uniq_duvessa
D:5:      kennysheep_mini_moat, minmay_temple_entry_glass, serial_shops, shop,
          basic_altar, serial_bayou_pond_a, uniq_ijyb
D:6:      nicolae_overflow_crystal_walls, roderic_malta_cross
D:7:      kiku_gazebo_pond_becter, the_bakery, cheibrodos_ashenzari_chains
D:8:      dancing_weapons_uskayaw, marbit_many_paths, serial_shops, shop,
          hangedman_decor_peaks_small, minivault_24
D:9:      fedhas_altar_2
D:10:     dpeg_oklobed_lair
D:11:     orc_0_dummy, uniq_psyche
D:12:     serial_shops, shop, minmay_door_square, uniq_fannar, uniq_frances
Temple:   nicolae_temple_great_sept
Lair:1:   enter_volcano_2, uniq_joseph
Lair:2:   minmay_shoals_entry_beasts, minmay_snake_entry_guardpost_small,
          lemuel_centaur_altar, grunt_megastairs_5
Lair:3:   cheibrodos_lair_caveside_slide
Lair:4:   basic_altar, uniq_nessos, uniq_urug
Lair:5:   serial_bayou_shore_a, serial_bayou_shore_b
Lair:6:   evilmike_catoblepas_cave, dpeg_slime_entry_enclosed_altar,
          infiniplex_staircase_pool_2, uniq_kirke
Shoals:1: nicolae_shoals_siren_and_animal_friends
Shoals:3: abandoned_shop
Shoals:4: shoals_end_grunt_ice, shoal_ilsuiw
Snake:1:  cheibrodos_toxic_ritual
Snake:3:  uniq_agnes
Snake:4:  grunt_snake_rune_pools, basic_stair_grate_trap, grunt_megastairs_3
Slime:1:  cheibrodos_slime_lost_civilization_5
Orc:1:    basic_altar, trog_butcher_becter
Orc:2:    st_orc_congregation
Elf:1:    eino_elf_arrival_the_gate, evilmike_minifort
